 Dungeon Crawl Stone Soup version 0.26.1-2-gb8aa6d0cf2 (webtiles) character file.

Game seed: 1136974214811625080

167 nightchill the Slasher (level 5, -5/41 HPs)
             Began as a Vampire Gladiator on Mar 2, 2021.
             Slain by a hornet (8 damage)
             ... on level 3 of the Dungeon.
             The game lasted 00:05:37 (2397 turns).

nightchill the Slasher (Vampire Gladiator)          Turns: 2397, Time: 00:05:38

Health: -5/41      AC:  9    Str: 12 (13) XL:     5   Next: 23%
Magic:  5/5        EV:  6    Int:  9 (11) God:
Gold:   140        SH:  0    Dex: 14 (16) Spells: 4/4 levels left

rFire    . . .     SeeInvis +   a - +0 long sword
rCold    . . .     Faith    .   (no shield)
rNeg     + . .     Spirit   .   p - +0 chain mail
rPois    .         Reflect  .   m - +0 helmet
rElec    .         Harm     .   (no cloak)
rCorr    .         Rampage  .   (no gloves)
Will     .....                  (no boots)
Stlth    ..........             (no amulet)
HPRegen  0.33/turn              i - ring of wizardry (curse)
MPRegen  0.09/turn              k - ring of positive energy

@: lethally poisoned (-5 -> -7), regenerating quickly, slowed, very slow
A: fangs 3, see invisible, unbreathing
a: Exsanguinate


You were on level 3 of the Dungeon.
You visited 1 branch of the dungeon, and saw 3 of its levels.

You collected 140 gold pieces.

Inventory:

Hand Weapons
 a - a +0 long sword (weapon)
Missiles
 d - 3 throwing nets (quivered)
 h - 6 poisoned darts
Armour
 m - a +0 helmet (worn)
 p - a +0 chain mail (worn)
Jewellery
 i - a cursed ring of wizardry (left hand)
 k - a ring of positive energy (right hand)
Scrolls
 b - a scroll of fog {unknown}
 f - a scroll of amnesia {unknown}
 l - a scroll of remove curse {unknown}
 o - a scroll of random uselessness {unknown}
Potions
 c - a potion of degeneration
 e - a potion of lignification {unknown}
 g - 2 potions of berserk rage {unknown}
 j - a potion of ambrosia {unknown}
 n - 2 potions of heal wounds {unknown}
 q - a potion of curing {unknown}
 r - 2 potions of brilliance {unknown}
 s - a potion of cancellation {unknown}


   Skills:
 + Level 3.1 Fighting
 * Level 5.2 Long Blades
 - Level 1.5 Throwing
 - Level 3.2 Dodging


You had 4 spell levels left.
You didn't know any spells.
Your spell library was empty.

Dungeon Overview and Level Annotations

Branches:
Dungeon (3/15)

Altars:
Nemelex Xobeh

Annotations:
D:2 1 runed translucent door, exclusion: door, Crazy Yiuf


Innate Abilities, Weirdness & Mutations

Your natural rate of healing is unusually fast.
You have razor-sharp teeth.
You have supernaturally acute eyesight. (SInv)
You can survive without breathing.


Message History

The hornet is heavily wounded.
The hornet stings you.
You are poisoned.
You feel as though you will be slow longer.
You hit the hornet but do no damage.
The hornet is heavily wounded.
You feel sick. The hornet stings you!
You feel as though you will be slow longer.
The hornet barely misses you. The hornet stings you!
* * * LOW HITPOINT WARNING * * *
You feel as though you will be slow longer.
The hornet stings you.
* * * LOW HITPOINT WARNING * * *
You feel as though you will be slow longer.
It was a potion of degeneration.
There was something very wrong with that liquid.
You feel weakened.
You feel dopey.
You feel clumsy.
You feel sick. The hornet stings you!
You die...

#########.#.#......##
................#.##
######.......#...###
#..##.##.#.....###
#######.###.##..#.##....
........#...###...#####.
#######.†.### ##...# ##
#.......#####.#.##### .####
#.##@##.........†...#
......#.##y########.##..#.#
......>†.g.# #.###....
......#..### #.........
........## #.......#.
......### #.......##
####..# #.......## #..#
#.......# #..# ##.###.####


You could see a hornet and a goblin.

Vanquished Creatures
  An iguana (D:2)
  Terence (D:2)
  3 adders (D:2)
  2 worms (D:3)
  5 dart slugs
  4 leopard geckos
  3 orcs (D:3)
  4 bats
  8 giant cockroaches
  4 goblins
  5 hobgoblins
  4 jackals (D:1)
  8 kobolds
  2 quokkas
  6 frilled lizards
  6 rats
66 creatures vanquished.

Vanquished Creatures (others)
  4 toadstools (D:1)
4 creatures vanquished.

Grand Total: 70 creatures vanquished

Notes
Turn   | Place    | Note
-------+----------+-------------------------------------------
     0 | D:1      | nightchill the Vampire Gladiator began the quest for the
                  | Orb.
     0 | D:1      | Reached XP level 1. HP: 16/16 MP: 1/1
    58 | D:1      | You fall into a shaft and drop 1 floor!
    59 | D:2      | Noticed an iguana
    82 | D:1      | Reached XP level 2. HP: 22/22 MP: 2/2
   397 | D:1      | Reached XP level 3. HP: 25/27 MP: 3/3
   573 | D:1      | Reached skill level 4 in Long Blades
   930 | D:2      | Reached XP level 4. HP: 22/34 MP: 4/4
  1151 | D:2      | Found a sparkling altar of Nemelex Xobeh.
  1379 | D:2      | Found a runed translucent door.
  1380 | D:2      | Noticed Crazy Yiuf
  1686 | D:2      | Noticed Terence
  1705 | D:2      | Killed Terence
  1706 | D:2      | Reached skill level 5 in Long Blades
  2025 | D:3      | Reached XP level 5. HP: 41/41 MP: 5/5
  2387 | D:3      | Noticed a hornet
  2397 | D:3      | Slain by a hornet

Illustrated notes

Levels and vault maps discovered:
D:1:      ldierk_water_garden, layout_basic
D:2:      layout_basic, lemuel_round_altar, minmay_tromino_v2, uniq_terence,
          uniq_crazy_yiuf_cottage
D:3:      layout_rooms

Skill      XL: |  1  2  3  4 |
---------------+-------------+-----
Fighting       | 2 3 |  3.1
Long Blades    | 4 5 |  5.2
Throwing       | |  1.5
Dodging        | |  3.2

Action                   |  1- 3 |  4- 6 || total
-------------------------+-------+-------++-------
Melee: Long sword        |    95 |   102 ||   197
       Bite              |    10 |    13 ||    23
  Use: Potion            |       |     1 ||     1
 Stab: Sleeping          |       |     1 ||     1
Armor: Leather armour    |    24 |    15 ||    39
       Chain mail        |       |    41 ||    41
Dodge: Dodged            |    61 |    56 ||   117
       Rpst.: Long sword |    25 |    20 ||    45
